Construct Infanterie Kompanie
Infanterie Officer Quarters
Construct Luftwaffe Kompanie
Marder III M Tank Destroyer
Marder III M Tank Destroyer
Selects Luftwaffe Battlegroup
Selects Luftwaffe Battlegroup
Selects Luftwaffe Battlegroup
Selects Luftwaffe Pioneer Support
Fallschirmpioneer Squad Paradrop
Selects Stuka Strafing Run
Fallschirmpioneer Squad Paradrop
Selects Fallschirmjäger Squad Paradrop
Selects Flak 38 Anti-Air Emplacement
Marder III M Tank Destroyer
Marder III M Tank Destroyer
Selects Fragmentation Bombs